 Dungeon Crawl Stone Soup version 0.32-a0-918-g0f22ef8d61 (webtiles) character file.

Game seed: 2836600860117167537

193 dialectric the Shield-Bearer (level 5, -3/47 HPs)
             Began as a Minotaur Fighter on Apr 11, 2024.
             Killed by divine providence
             ... invoked by an orc priest
              (13 damage)
             ... on level 4 of the Dungeon.
             The game lasted 00:01:53 (1737 turns).

dialectric the Shield-Bearer (Minotaur Fighter)     Turns: 1737, Time: 00:01:54

Health: -3/47      AC: 10    Str: 20    XL:     5   Next: 43%
Magic:  4/4        EV:  9    Int:  5    God:
Gold:   111        SH:  0    Dex: 12    Spells: 4/4 levels left

rFire   . . .        a - +0 flail
rCold   . . .        (no shield)
rNeg    . . .        b - +0 scale mail
rPois   +            (helmet restricted)
rElec   .            f - +2 cloak {rPois}
rCorr   .            (no gloves)
SInv    .            (no boots)
Will    .....        (no amulet) Stlth
                     (no ring)
HPRegen 0.27/turn    (no ring)
MPRegen 0.09/turn

%: no passive effects
@: no status effects
A: horns 2, retaliatory headbutt
a: Convert to Beogh


You were on level 4 of the Dungeon.
You visited 1 branch of the dungeon, and saw 4 of its levels.

You collected 111 gold pieces.

Inventory:

Hand Weapons
 a - a +0 flail (weapon)
Missiles
 i - 2 throwing nets (quivered)
 j - 5 javelins
Armour
 b - a +0 scale mail (worn)
 c - a +0 buckler
 f - a +2 cloak of poison resistance (worn)
 m - a scarf of repulsion
Talismans
 n - a beast talisman
Scrolls
 e - 2 scrolls of teleportation {unknown}
 g - a scroll of enchant armour {unknown}
 l - 2 scrolls of identify {unknown}
Potions
 d - a potion of might
 h - a potion of heal wounds {unknown}
 k - 2 potions of curing {unknown}
 o - a potion of invisibility {unknown}
 p - a potion of lignification {unknown}
 q - a potion of mutation {unknown}


   Skills:
 + Level 4.7 Fighting
 + Level 3.9 Maces & Flails
 + Level 4.7 Armour
 + Level 1.6 Dodging
 + Level 4.7 Shields


You had 4 spell levels left.
You didn't know any spells.
Your spell library contained the following spells:

 Spells                   Type           Power      Damage    Failure   Level
 Frozen Ramparts          Ice            0%         1d1       99%         3
 Ozocubu's Armour         Ice            0%         N/A       99%         3
 Passwall                 Erth           0%         N/A       99%         3
 Volatile Blastmotes      Fire/Tloc      0%         2d10      99%         3
 Vhi's Electric Charge    Tloc/Air       0%         N/A       100%        4
 Metabolic Englaciation   Hex/Ice        0%         N/A       100%        5
 Bombard                  Conj/Erth      0%         9d1       100%        6


Dungeon Overview and Level Annotations

Branches:
Dungeon (4/15)
 Temple: D:4-7

Altars:
Fedhas
Gozag
Yredelemnul


Innate Abilities, Weirdness & Mutations

You have a pair of horns on your head.
You reflexively headbutt those who attack you in melee.


Message History

l - 2 scrolls labelled ZABIUT PIECWESCHIUMM (gained 1)
Found a stone staircase leading up.
No target in view!
q - a smoky dark potion No target in view!
Found an escape hatch in the floor.
An orc comes into view. It is wielding a +0 trident.
The orc shouts!
You hear a shout! x2
An orc comes into view. It is wielding a +0 club.
You hear a shout!
There are monsters nearby!
An orc priest comes into view. It is wielding a +0 morningstar.
The orc barely misses you.
You hit the orc. Your headbutt misses the orc.
The orc is heavily wounded.
The orc hits you with a +0 trident.
The orc priest mumbles some strange prayers to Beogh against you.
Beogh smites you! The orc hits you with a +0 club. The orc misses you.
You furiously retaliate!
You headbutt the orc.
You kill the orc!
The orc priest invokes the aid of Beogh against you.
Pain shoots through your body!
The orc priest shouts, "The Pantheon deserves no one's loyalty.
Let us show you the true path!" (press Y on the ability menu to convert to Beogh)
The orc attacks as it pursues you! The orc barely misses you.
You furiously retaliate!
You headbutt the orc.
An orc comes into view. It is wielding a +0 hand axe.
The orc priest looks braver for a moment.
Found a stone staircase leading down.
You hit the orc.
You kill the orc!
The orc priest invokes the aid of Beogh against you.
Pain shoots through your body!
* * * LOW HITPOINT WARNING * * *
There is a stone staircase leading up here.
Things that are here:
a +0 club; an orc corpse The orc priest mumbles some strange prayers to Beogh against you.
Beogh smites you!
You die...

###.#......###.
######...............
#......#...##...###..
#..###...........#
..........#......###
..#####.#####......#
#.# #......# #.#
#......###. # #.#
#.@........
....###.#####>$....##>.
#........##......#
###.####.##......# #.
#..oo.....# .
##........... ..
#.#......... .#
#.)...##...#.#. ##
...........###.#


You could see an orc priest and an orc.

Vanquished Creatures
  A hound (D:4)
  Natasha (thrice) (D:3)
  3 adders
  3 ribbon worms
  3 dart slugs
  2 orcs (D:4)
  4 ball pythons
  A bat (D:2)
  5 endoplasms
  3 giant cockroaches
  5 goblins
  4 hobgoblins
  A kobold (D:3)
  A quokka (D:2)
  6 frilled lizards
  5 rats
50 creatures vanquished.

Notes
Turn   | Place    | Note
-------+----------+-------------------------------------------
     0 | D:1      | dialectric the Minotaur Fighter began the quest for the
                  | Orb.
     0 | D:1      | Reached XP level 1. HP: 19/19 MP: 0/0
   120 | D:1      | Reached XP level 2. HP: 24/27 MP: 1/1
   461 | D:1      | Found a faded altar of an unknown god.
   575 | D:2      | Reached XP level 3. HP: 17/33 MP: 2/2
   930 | D:3      | Noticed Natasha
   974 | D:3      | Killed Natasha
   975 | D:3      | Reached XP level 4. HP: 39/41 MP: 3/3
  1182 | D:3      | Found an opulent altar of Gozag.
  1182 | D:3      | Found a basalt altar of Yredelemnul.
  1252 | D:3      | Noticed Natasha
  1261 | D:3      | Killed Natasha
  1262 | D:3      | Reached skill level 1 in Dodging
  1536 | D:3      | Noticed Natasha
  1544 | D:3      | Killed Natasha
  1545 | D:3      | Reached XP level 5. HP: 47/47 MP: 4/4
  1677 | D:4      | Found a blossoming altar of Fedhas.
  1737 | D:4      | Killed from afar by an orc priest

Illustrated notes

Levels and vault maps discovered:
D:1:      evilmike_arrival_plus, layout_basic,
          hellmonk_ecumenical_altar_inner_sanctum, minmay_quantized
D:2:      layout_rooms, minmay_misc_feat_square, serial_park_tiny_2
D:3:      layout_basic, amethyst_overflow_temple_binary, uniq_natasha
D:4:      layout_rooms, lemuel_doored_altar, serial_shops, nicolae_shop_trees,
          corexii_leaking_fountain, kennysheep_generic_room_5

Skill      XL: |  1  2  3  4 |
---------------+-------------+-----
Shields        | 4 |  4.7
Fighting       | 4 |  4.7
Armour         | 4 |  4.7
Maces & Flails | 3 |  3.9
Dodging        | 1 |  1.6

Action                     |  1- 3 |  4- 6 || total
---------------------------+-------+-------++-------
  Melee: Flail             |    95 |    36 ||   131
         Headbutt          |     5 |     3 ||     8
 Armour: Scale mail        |   105 |    29 ||   134
  Dodge: Dodged            |    55 |    15 ||    70

Table legend: (Time is in decaauts)
 A = Elapsed time spent in this place.
 B = Non-inter-level travel time spent in this place.
 C = Inter-level travel time spent in this place.
 D = Time resting spent in this place.
 E = Time spent auto-exploring this place.
 F = Levels seen in this place.
 G = Mean time per level.
                   A        B        C        D        E       F      G
               +--------+--------+--------+--------+--------+-----+--------+
         Total |   1786 |   1771 |     15 |     23 |   1317 |   4 |  446.5 |
       Dungeon |   1786 |   1771 |     15 |     23 |   1317 |   4 |  446.5 |
               +--------+--------+--------+--------+--------+-----+--------+

Top non-repeatable levels by time:
     D:3: 733 daAuts
     D:1: 555 daAuts
     D:2: 422 daAuts
     D:4: 74 daAuts
